 Dungeon Crawl Stone Soup version 0.29.1-1-gd02db6906a (webtiles) character file.

Game seed: 9830263757623118945

56 mopl the Poker (level 3, -5/29 HPs)
             Began as a Palentonga Gladiator on Oct 19, 2022.
             Was a Follower of Kikubaaqudgha.
             Slain by Terence
             ... wielding a +0 flail
              (8 damage)
             ... on level 2 of the Dungeon.
             The game lasted 00:01:23 (951 turns).

mopl the Poker (Palentonga Gladiator)                Turns: 951, Time: 00:01:23

Health: -5/29      AC:  5    Str: 21    XL:     3   Next: 69%
Magic:  3/3        EV: 10    Int:  8    God:    Kikubaaqudgha [*.....]
Gold:   85         SH:  0    Dex: 11    Spells: 2/2 levels left

rFire   . . .      SeeInvis +   a - +0 trident
rCold   . . .      Faith    +   (no shield)
rNeg    . . .      Spirit   .   b - +0 leather armour
rPois   .          Reflect  .   c - +0 helmet
rElec   .          Harm     .   (no cloak)
rCorr   .          Rampage  .   (no gloves)
Will    .....                   (no barding)
Stlth   +.........              i - amulet of faith
HPRegen 0.09/turn               (no ring)
MPRegen 0.08/turn               (no ring)

@: no status effects
A: large, rugged brown scales 3, see invisible, deformed body, roll 1, armoured
tail
a: Rolling Charge, Renounce Religion, Unearth Wretches


You were on level 2 of the Dungeon.
You worshipped Kikubaaqudgha.
Kikubaaqudgha was aware of your devotion.
You visited 1 branch of the dungeon, and saw 2 of its levels.

You collected 85 gold pieces.

Inventory:

Hand Weapons
 a - a +0 trident (weapon)
Missiles
 d - 3 throwing nets (quivered)
 e - a javelin
Armour
 b - a +0 leather armour (worn)
 c - a +0 helmet (worn)
Jewellery
 i - an amulet of faith (around neck)
Scrolls
 f - 2 scrolls of teleportation {unknown}
 g - a scroll of vulnerability {unknown}
 l - 3 scrolls of identify {unknown}
 n - a scroll of enchant weapon {unknown}
Potions
 h - a potion of lignification {unknown}
 j - a potion of heal wounds {unknown}
 k - a potion of cancellation {unknown}
 m - a potion of attraction {unknown}
 o - a potion of curing {unknown}


   Skills:
 + Level 2.4 Fighting
 * Level 3.2 Polearms
 + Level 1.7 Throwing
 + Level 0.9 Armour
 + Level 2.6 Dodging
 + Level 0.4 Necromancy


You had 2 spell levels left.
You didn't know any spells.
Your spell library contained the following spells:

 Spells                   Type           Power      Damage    Failure   Level
 Necrotise                Necr           0%         1d4       38%         1
 Beastly Appendage        Tmut           0%         N/A       45%         1
 Magic Dart               Conj           0%         1d3       45%         1
 Sublimation of Blood     Necr           0%         N/A       54%         2
 Call Imp                 Summ           0%         N/A       58%         2
 Wereblood                Tmut           0%         N/A       58%         2
 Vampiric Draining        Necr           0%         2d6       77%         3
 Mephitic Cloud           Conj/Pois/Air  0%         N/A       83%         3
 Spider Form              Tmut/Pois      0%         N/A       83%         3
 Anguish                  Hex/Necr       0%         N/A       99%         4


Dungeon Overview and Level Annotations

Branches:
Dungeon (2/15)

Altars:
Kikubaaqudgha

Annotations:
D:2 Terence


Innate Abilities, Weirdness & Mutations

You are completely covered in rugged brown scales. (AC +3, +7% HP)
You have supernaturally acute eyesight. (SInv)
Armour fits poorly on your strangely shaped body.
You can roll at nearby foes to attack.
You have a long armoured tail.


Message History

Terence is moderately wounded.
Terence hits you with a +0 flail.
You barely miss Terence.
Terence is moderately wounded.
Terence hits you with a +0 flail.
You closely miss Terence.
Terence is moderately wounded.
Terence barely misses you.
You hit Terence but do no damage.
Terence is moderately wounded.
Terence closely misses you.
You hit Terence but do no damage.
Terence is moderately wounded.
Terence hits you with a +0 flail!
You are too injured to fight recklessly!
You are too injured to fight recklessly!
You are too injured to fight recklessly!
You are too injured to fight recklessly!
You are too injured to fight recklessly!
You are too injured to fight recklessly!
You are too injured to fight recklessly!
You are too injured to fight recklessly!
You are too injured to fight recklessly!
You are too injured to fight recklessly!
You closely miss Terence.
Terence is moderately wounded.
Terence closely misses you.
You hit Terence.
Terence is heavily wounded.
Terence hits you with a +0 flail!
* * * LOW HITPOINT WARNING * * *
Terence barely misses you.
You hit Terence.
Terence is almost dead.
Terence barely misses you.
You hit Terence.
Your tail-slap misses Terence.
Terence is almost dead.
Terence hits you with a +0 flail!
You die...
Kikubaaqudgha rasps: "You have failed me!
Welcome... death!"

#####...#
#.......#....##
#######.###.....#.#.#..#
#...#
#..##...###.#.#...#
##.#.####......#
#.#.#.#..#
...#...#####...#
#.#.#.#... .#####..#
#...# #.#.# .. ## ##.#
#...### #.#
#######.####.....#.#
.....#.........#@@.#
<..###..########...#
...# ##.# #......
........# .........
######### .#!....<.
..?..# #. .#..... .###.#
#. .#..... # # #.
.#.....


You could see Terence.

Vanquished Creatures
  An adder (D:2)
  2 dart slugs (D:1)
  4 ball pythons
  2 bats (D:2)
  4 endoplasms
  4 giant cockroaches (D:1)
  5 goblins
  4 hobgoblins (D:1)
  A kobold (D:2)
  4 quokkas
  A frilled lizard (D:1)
  4 rats
36 creatures vanquished.

Notes
Turn   | Place    | Note
-------+----------+-------------------------------------------
     0 | D:1      | mopl the Palentonga Gladiator began the quest for the Orb.
     0 | D:1      | Reached XP level 1. HP: 17/17 MP: 1/1
   165 | D:1      | Reached XP level 2. HP: 23/23 MP: 2/2
   227 | D:1      | Reached skill level 3 in Polearms
   386 | D:1      | Reached XP level 3. HP: 28/28 MP: 3/3
   471 | D:1      | Found a faded altar of an unknown god.
   563 | D:1      | Prayed at the altar of an unknown god.
   563 | D:1      | Became a worshipper of Kikubaaqudgha
   563 | D:1      | Reached * piety under Kikubaaqudgha
   563 | D:1      | Received a gift from Kikubaaqudgha
   938 | D:2      | Noticed Terence
   951 | D:2      | Slain by Terence

Illustrated notes

Levels and vault maps discovered:
D:1:      heliophobic_arrival_henge, layout_rooms,
          hellmonk_ecumenical_altar_slurped_away, minmay_domino_4
D:2:      minmay_chambers_of_ones, layout_rooms, serial_co_window_serial,
          co_window_of_opportunity_a, co_window_paths_a, co_window_paths_a,
          co_window_paths_b, co_window_of_opportunity_a, co_window_paths_c,
          co_window_corner_b, co_window_of_opportunity_c, co_window_broadway_a,
          co_window_sun, glass_columns_c, glass_columns_a, glass_columns_c,
          glass_columns_a, basic_altar, uniq_terence

Skill      XL: |  1  2 |
---------------+-------+-----
Polearms       | 3 |  3.2
Fighting       | |  2.4
Throwing       | |  1.7
Armour         | |  0.9
Dodging        | |  2.6
Necromancy     | |  0.4

Action                   || total
-------------------------++-------
Melee: Trident           ||    94
       Tailslap          ||     5
       Punch             ||     1
Armor: Leather armour    ||    23
Dodge: Dodged            ||    38
